 Dungeon Crawl Stone Soup version 0.31-a0-233-g139696dc86 (webtiles) character file.

Game seed: 16114288132627376081

21 qw the Shooter (level 2, -2/24 HPs)
             Began as a Minotaur Hexslinger on July 9, 2023.
             Slain by a cerulean imp
             ... wielding a +1 spear
             ... summoned by Natasha
              (5 damage)
             ... on level 1 of the Dungeon.
             The game lasted 00:00:16 (561 turns).

qw the Shooter (Minotaur Hexslinger)                 Turns: 561, Time: 00:00:16

Health: -2/24      AC:  3    Str: 12    XL:     2   Next: 62%
Magic:  2/2        EV: 11    Int: 10    God:
Gold:   25         SH:  0    Dex: 12    Spells: 2/3 levels left

rFire   . . .        Y - +1 sling
rCold   . . .        (no shield)
rNeg    . . .        e - +0 leather armour
rPois   .            (helmet restricted)
rElec   .            (no cloak)
rCorr   .            (no gloves)
SInv    .            (no boots)
Will    .....        (no amulet)
Stlth   +            (no ring)
HPRegen 0.24/turn    (no ring)
MPRegen 0.08/turn

%: no passive effects
@: no status effects
A: horns 2, retaliatory headbutt
a: no special abilities


You were on level 1 of the Dungeon.
You visited 1 branch of the dungeon, and saw 2 of its levels.

You collected 25 gold pieces.


Innate Abilities, Weirdness & Mutations

You have a pair of horns on your head.
You reflexively headbutt those who attack you in melee.


   Skills:
 - Level 2.0 Fighting
 + Level 3.2 Ranged Weapons
 - Level 2.1 Dodging
 - Level 1.0 Spellcasting
 - Level 2.0 Hexes


You had 2 spell levels left.
You knew the following spells:

 Your Spells              Type           Power      Damage    Failure   Level
a - Slow                  Hex            16%        N/A       19%         1

Your spell library contained the following spells:

 Spells                   Type           Power      Damage    Failure   Level
 Inner Flame              Hex/Fire       2%         N/A       65%         3
 Portal Projectile        Hex/Tloc       4%         N/A       65%         3
 Cause Fear               Hex            2%         N/A       88%         4

Inventory:

Hand Weapons
 Y - a +1 sling (weapon)
Armour
 e - a +0 leather armour (worn)
Potions
 f - a potion of resistance {unknown}
 g - a potion of brilliance {unknown}
 h - a potion of curing {unknown}

Dungeon Overview and Level Annotations

Branches:
Dungeon (2/15)

Altars:

Shops:
D:1 =

Annotations:
D:1 Natasha


Message History

Natasha claws you.
You shoot a sling bullet. The sling bullet hits Natasha.
Natasha is moderately wounded.
Natasha claws you.
You shoot a sling bullet.
The sling bullet closely misses Natasha.
Natasha closely misses you. Natasha barely misses you.
You shoot a sling bullet. The sling bullet barely misses Natasha.
Natasha wildly gestures.
You feel troubled. Natasha claws you.
You shoot a sling bullet. The sling bullet hits Natasha.
Natasha is heavily wounded.
Natasha closely misses you.
You shoot a sling bullet.
The sling bullet closely misses Natasha.
Natasha stares at you and mumbles some strange words.
The magic dart hits you. Natasha barely misses you. You furiously retaliate!
You headbutt Natasha, but do no damage. You shoot a sling bullet.
The sling bullet closely misses Natasha.
Natasha claws you.
You shoot a sling bullet.
The sling bullet closely misses Natasha.
Natasha barely misses you.
You shoot a sling bullet.
The sling bullet closely misses Natasha.
Natasha casts a spell.
Natasha claws you.
You shoot a sling bullet.
The sling bullet hits Natasha but does no damage.
Natasha is heavily wounded.
Natasha claws you.
The cerulean imp hits you but does no damage.
You shoot a sling bullet. The sling bullet hits Natasha.
Natasha is almost dead.
Natasha stares at you and mumbles some strange words.
You resist with significant effort.
The cerulean imp hits you with a +1 spear.
You die...

############ ## #..........#
#.
############..........######.
#.....................)......
##.#########..........######.
#.# #..........# #. #.#
#..........######. #.###
#h.............[.. #...#
#@5........####### ###.#####
#..........# #. #.##..#
#######.#### ####. #.##..##
#.## ##.... #......## #..#
#..### ####....# ##.####.##
#.##.########......#
#.##...##...####.###
#.###?###.#%# #.#


You could see Natasha and a cerulean imp (summoned).

Vanquished Creatures
  2 ball pythons (D:1)
  A bat (D:1)
  3 endoplasms (D:1)
  4 goblins
  A hobgoblin (D:1)
  A quokka (D:1)
  A frilled lizard (D:1)
  A kobold (D:1)
  5 rats (D:1)
19 creatures vanquished.

Notes
Turn   | Place    | Note
-------+----------+-------------------------------------------
     0 | D:1      | qw the Minotaur Hexslinger began the quest for the Orb.
     0 | D:1      | Reached XP level 1. HP: 16/16 MP: 1/1
     0 | D:1      | 0 ||| qw: Version: 0.3-a-51-g015441d
     0 | D:1      | 0 ||| qw: Game counter: 3883
     0 | D:1      | 0 ||| qw: Melee chars always use a shield: true
     0 | D:1      | 0 ||| qw: God list: Okawaru
     0 | D:1      | 0 ||| qw: Allow faded altars: false
     0 | D:1      | 0 ||| qw: Do Orc after clearing Dungeon:15 true
     0 | D:1      | 0 ||| qw: Do second Lair branch before Depths: true
     0 | D:1      | 0 ||| qw: Lair rune preference: random
     0 | D:1      | 0 ||| qw: Goals: Normal
     0 | D:1      | 0 ||| PLANNING D:1-11
    52 | D:1      | Found Genarof's Jewellery Boutique.
    64 | D:1      | 64 ||| SHOPLISTING amulet of reflection (420 gold, have 9).
    64 | D:1      | 64 ||| SHOPLISTING amulet of the acrobat (420 gold, have
                  | 9).
    64 | D:1      | 64 ||| SHOPLISTING ring "Muqeammeypn" {rF+ rCorr Str+6
                  | Int+3} (866 gold, have 9).
    64 | D:1      | 64 ||| SHOPLISTING ring of fire (350 gold, have 9).
    64 | D:1      | 64 ||| SHOPLISTING ring of ice (350 gold, have 9).
    64 | D:1      | 64 ||| SHOPLISTING ring of willpower (350 gold, have 9).
   113 | D:1      | Reached skill level 3 in Ranged Weapons
   121 | D:1      | Reached XP level 2. HP: 23/23 MP: 2/2
   399 | D:1      | 399 ||| UPGRADING to +0 leather armour.
   409 | D:1      | 409 ||| DROPPING +0 robe.
   410 | D:1      | 410 ||| READING scroll labelled NACUNI OKKEYLOPN.
   411 | D:1      | 411 ||| DROPPING scroll of poison.
   442 | D:2      | Noticed Natasha
   443 | D:2      | 443 ||| STAIRDANCE
   549 | D:2      | 549 ||| STAIRDANCE
   559 | D:1      | HP: 3/24 [Natasha (5)]
   561 | D:1      | Slain by a cerulean imp

Levels and vault maps discovered:
D:1:      erik_arrival_triangle_small, layout_rooms, serial_shops, shop,
          due_unseen_surprise
D:2:      layout_rooms, grunt_ministairs_3, uniq_natasha

Skill      XL: |  1  2 |
---------------+-------+-----
Ranged Weapons | 3 |  3.2
Fighting       | 2 |  2.0
Dodging        | |  2.1
Spellcasting   | |  1.0
Hexes          | |  2.0

Action                     || total
---------------------------++-------
   Fire: Sling             ||    56
    Use: Scroll            ||     1
 Armour: Leather armour    ||     2
  Dodge: Dodged            ||    13

Table legend:
 A = Non-vault XP
 B = Vault XP
 C = Vault XP percentage of total XP
 D = Non-vault monster count
 E = Vault monster count
 F = Vault count percentage of total count
                 A         B        C        D         E       F
            +---------+---------+-------+---------+---------+-------
      Total |      30 |       0 |   0.0 |      19 |       0 |   0.0
            +---------+---------+-------+---------+---------+-------
        D:1 |      26 |       0 |   0.0 |      17 |       0 |   0.0
        D:2 |       4 |       0 |   0.0 |       2 |       0 |   0.0
            +---------+---------+-------+---------+---------+-------
